 Dungeon Crawl Stone Soup version 0.29.1-1-gd02db6906a (webtiles) character file.

Game seed: 1551574603589161089

199 NullDivider the Stinger (level 5, 0/31 HPs)
             Began as an Octopode Venom Mage on Sept 30, 2022.
             Killed from afar by Sigmund (9 damage)
             ... with a magic dart
             ... on level 3 of the Dungeon.
             The game lasted 00:21:37 (4584 turns).

NullDivider the Stinger (Octopode Venom Mage)       Turns: 4584, Time: 00:21:37

Health: 0/31       AC:  1    Str:  5 (7)  XL:     5   Next: 77%
Magic:  6/9        EV: 17    Int: 18 (20) God:
Gold:   119        SH:  0    Dex: 10 (12) Spells: 3/9 levels left

rFire   . . .      SeeInvis .   (no weapon)
rCold   . . .      Faith    .   (no shield)
rNeg    . . .      Spirit   .   (helmet restricted)
rPois   .          Reflect  .   (no amulet)
rElec   .          Harm     .   n - +4 ring of evasion
rCorr   .          Rampage  .   (no ring)
Will    .....                   (no ring)
Stlth   +++.......              (no ring)
HPRegen 0.10/turn               (no ring)
MPRegen 0.11/turn               (no ring)
                                (no ring)
                                (no ring)

@: no status effects
A: almost no armour, amphibious, 8 rings, camouflage 1, gelatinous body 1,
(nimble swimmer 1), tentacles
a: no special abilities


You were on level 3 of the Dungeon.
You visited 1 branch of the dungeon, and saw 3 of its levels.

You collected 119 gold pieces.

Inventory:

Hand Weapons
 o - a +0 hand axe of flaming
 q - a +0 hand axe of freezing
Magical Staves
 s - a staff of air
Jewellery
 n - a +4 ring of evasion (left tentacle)
Scrolls
 b - 2 scrolls of identify {unknown}
 d - a scroll of teleportation {unknown}
 g - a scroll of fear {unknown}
 i - a scroll of butterflies {unknown}
 j - a scroll of poison {unknown}
 p - a scroll of vulnerability {unknown}
Potions
 a - a potion of magic
 c - 3 potions of degeneration
 e - a potion of curing {unknown}
 f - 3 potions of might {unknown}
 h - 2 potions of lignification {unknown}
 k - 2 potions of brilliance {unknown}
 l - 2 potions of attraction {unknown}
 m - a potion of flight {unknown}
 r - a potion of cancellation {unknown}


   Skills:
 * Level 3.2 Dodging
 * Level 4.4 Stealth
 * Level 2.8 Spellcasting
 + Level 1.0 Conjurations
 - Level 1.2 Transmutations
 + Level 1.1 Air Magic
 * Level 4.7 Poison Magic


You had 3 spell levels left.
You knew the following spells:

 Your Spells              Type           Power      Damage    Failure   Level
a - Sting                 Tmut/Pois      52%        1d5       4%          1
b - Poisonous Vapours     Pois/Air       26%        N/A       8%          2
c - Mephitic Cloud        Conj/Pois/Air  10%        N/A       19%         3

Your spell library contained the following spells:

 Spells                   Type           Power      Damage    Failure   Level
 Olgreb's Toxic Radiance  Pois           19%        N/A       24%         4
 Ice Form                 Ice/Tmut       4%         N/A       77%         4
 Hailstorm                Conj/Ice       4%         3d4       78%         4
 Simulacrum               Ice/Necr       1%         N/A       100%        6


Dungeon Overview and Level Annotations

Branches:
Dungeon (3/15)

Altars:

Annotations:
D:3 Sigmund


Innate Abilities, Weirdness & Mutations

You cannot wear most types of armour.
You are amphibious.
You can wear up to eight rings at the same time.
Your skin changes colour to match your surroundings (Stealth+).
Your rubbery body absorbs attacks. (AC +1, EV +1)
((You are camouflaged when in or above water. (Stealth+)))
You have tentacles for arms and can constrict up to eight enemies at once.


Message History

An orc comes into view. It is wielding a +0 dagger.
Sigmund misses you.
You bump into the rock wall.
You feel less confused.
Sigmund points at you and mumbles some strange words.
You are confused.
Sigmund looks more healthy.
Sigmund mumbles some strange words.
Sigmund flickers and vanishes!
Deactivating autopickup; reactivate with Ctrl-A.
You feel less confused.
A magic dart appears from out of thin air!
The magic dart hits you.
Casting: Poisonous Vapours (safe; 8% risk of failure)
Confirm with . or Enter, or press ? or * to list all spells.
Aiming: Poisonous Vapours (safe; 8% risk of failure)
Press: ? - help, Dir - move target Poisonous vapours surround something!
The orc shouts!
The sting hits the orc.
The orc is poisoned.
The orc is moderately wounded.
Something tries to affect you, but you resist.
You tentacle-slap the orc. Your grab misses the orc.
The orc is almost dead.
You kill the orc!
Things that are here:
a +0 dagger; a +0 ring mail You are confused.
You're too confused to move!
You're too confused to move!
You're too confused to move!
Something hits you! Something hits you!
* * * LOW HITPOINT WARNING * * *
You're too confused to cast spells.
Unknown command.
You feel less confused. Something hits you but does no damage.
A magic dart appears from out of thin air!
The magic dart hits you!
You die...

#.....##....'.).. #####
##.....#######...# #...#
########......'..# #...# #...#
#.....##...(..##.####...# #...#
#.....##......##.....#### #...#
#..†..###.###.######..# #...#
#.....# #.# #.### ##.### #...#
#.....###.###...## #.... #...#
#....{..@......†.######.)
###...###..##...###...##....)....
.......)..###.#.# #.#.###...#####
.########.# #...# #...# #...# #
.# .....###. .###......# # .#
....#.# .#. #.#....# # .#
#.#....# #.# #......# # {#
#.#.### #. .###...# # .# ..#.# #
# #...# #


There were no monsters in sight!

Vanquished Creatures
  Jessica (D:3)
  Terence (D:2)
  An orc wizard (D:3)
  4 adders
  A worm (D:2)
  2 dart slugs
  9 orcs (D:3)
  2 ball pythons
  2 bats
  7 endoplasms
  2 giant cockroaches
  3 goblins
  5 hobgoblins
  13 jackals
  A quokka (D:1)
  7 frilled lizards
  6 kobolds
  4 rats
71 creatures vanquished.

Notes
Turn   | Place    | Note
-------+----------+-------------------------------------------
     0 | D:1      | NullDivider the Octopode Venom Mage began the quest for the
                  | Orb.
     0 | D:1      | Reached XP level 1. HP: 11/11 MP: 3/3
   518 | D:1      | Reached XP level 2. HP: 16/17 MP: 0/5
   571 | D:1      | Learned a level 2 spell: Poisonous Vapours
  1755 | D:2      | Reached XP level 3. HP: 16/21 MP: 4/6
  2126 | D:2      | Learned a level 3 spell: Mephitic Cloud
  2811 | D:2      | Reached XP level 4. HP: 27/27 MP: 3/7
  2862 | D:2      | Noticed Terence
  2887 | D:2      | Killed Terence
  3601 | D:3      | Reached XP level 5. HP: 27/31 MP: 0/9
  3819 | D:3      | Found a faded altar of an unknown god.
  3885 | D:3      | Noticed Jessica
  3905 | D:3      | Killed Jessica
  3906 | D:3      | Reached skill level 1 in Air Magic
  4110 | D:3      | Reached skill level 1 in Conjurations
  4541 | D:3      | Noticed Sigmund
  4584 | D:3      | Killed from afar by Sigmund

Illustrated notes

Levels and vault maps discovered:
D:1:      saegor_arrival_simple_a, layout_basic
D:2:      layout_loops_corners, minmay_distorted, uniq_terence
D:3:      layout_basic, hellmonk_ecumenical_altar_zigzags, minmay_starry_boxes,
          uniq_sigmund, uniq_crazy_yiuf_cottage, uniq_grinder, uniq_jessica

Skill      XL: |  1  2  3  4  5 |
---------------+----------------+-----
Stealth        | 3 4 |  4.4
Poison Magic   | 4 |  4.7
Dodging        | 3 |  3.2
Air Magic      | 1 |  1.1
Conjurations   | 1 |  1.0
Spellcasting   | |  2.8
Transmutations | |  1.2

Action                   |  1- 3 |  4- 6 || total
-------------------------+-------+-------++-------
Melee: Unarmed           |    22 |    32 ||    54
       Constrict         |     7 |     9 ||    16
       Tentacles         |     6 |     4 ||    10
 Cast: Sting             |    59 |    49 ||   108
       Poisonous Vapours |     7 |    21 ||    28
  Use: Potion            |       |     1 ||     1
 Stab: Sleeping          |     1 |     1 ||     2
Armor: Skin              |     2 |     2 ||     4
Dodge: Dodged            |    27 |    25 ||    52
